AoeStats
← Capivara com câimbra

Arena

506241900Analyzed
1v1 RM · 21d ago on Sep 12, 2026· 45m 49s· 2 players
Game mode
Random Map
Map size
Tiny (2 player)
Population
200
Speed
Normal
Resources
Standard
Victory
Conquest
Starting age
Dark Age
Ending age
Imperial Age
RankedLock teamsTeams togetherTeam positionsShared explorationLock speedFull tech treeHidden civsTurbo modeCheats
Victory
Defeat
🇧🇷 Britons · Brazil
505
+16
🇪🇸 Spanish · Spain
497
-22
WAR_LORD
12:57 Feudal Age
13:48 Double-Bit Axe
13:45 Horse Collar
15:47 Man-at-Arms
18:54 Forging
18:46 Scale Mail Armor
19:28 Wheelbarrow
31:11 Castle Age
29:40 Stone Mining
29:40 Gold Mining
31:31 Long Swordsman
31:32 Pikeman
32:25 Thumb Ring
31:43 Elite Skirmisher
32:43 Squires
35:42 Gambesons
35:55 Arson
36:30 Hand Cart
36:55 Stone Shaft Mining
36:34 Bow Saw
40:16 Scale Barding Armor
40:30 Chain Mail Armor
40:51 Iron Casting
40:21 Padded Archer Armor
40:12 Fletching
Capivara com câimbra
10:49 Feudal Age
11:21 Double-Bit Axe
11:19 Horse Collar
22:15 Castle Age
20:12 Gold Mining
20:25 Man-at-Arms
22:27 Wheelbarrow
21:45 Fletching
21:56 Padded Archer Armor
22:01 Scale Mail Armor
23:51 Bow Saw
25:54 Squires
25:40 Gambesons
29:20 Forging
29:46 Elite Skirmisher
32:10 Pikeman
32:11 Long Swordsman
36:12 Fervor
39:21 Imperial Age
37:07 Hand Cart
37:00 Heavy Plow
36:49 Crossbowman
38:55 Murder Holes
40:30 Gold Shaft Mining
39:46 Stone Mining
39:35 Two-Handed Swordsman
41:26 Heated Shot
41:23 Arrowslits
44:46 Chemistry
44:07 Ballistics
44:06 Leather Archer Armor
43:47 Bodkin Arrow
44:19 Chain Mail Armor
45:09 Halberdier
45:10 Champion
46:22 Yeomen
Connection lost

Rejoining the realm…

Still unreachable

The connection could not be restored.

Session expired

The server has moved on; the page needs a fresh start.